 Dungeon Crawl Stone Soup version 0.29-a0-317-gd16b76e6b1 (webtiles) character file.

Game seed: 5422879591549878006

16737 sanka the Nimble (level 12, 0/97 HPs)
             Began as a Gnoll Monk on Mar 31, 2022.
             Was a Priest of Ru.
             Slain by a yak (10 damage)
             ... on level 1 of the Lair of Beasts.
             The game lasted 00:34:05 (13509 turns).

sanka the Nimble (Gnoll Monk)                      Turns: 13509, Time: 00:34:05

Health: 0/97       AC: 16    Str: 22    XL:     12   Next: 40%
Magic:  22/22      EV: 16    Int: 16    God:    Ru [***...]
Gold:   889        SH:  0    Dex: 14    Spells: 25/25 levels left

rFire   . . .      SeeInvis .   a - +1 broad axe (flame)
rCold   . . .      Faith    .   (no shield)
rNeg    . . .      Spirit   .   X - +1 acid dragon scales
rPois   .          Reflect  .   m - +0 helmet
rElec   .          Harm     .   M - +0 cloak
rCorr   +          Rampage  .   U - +2 pair of gloves
Will    .....                   q - +0 pair of boots
Stlth   ++++......              W - amulet of regeneration
HPRegen 1.06/turn               Q - +6 ring of strength
MPRegen 0.18/turn               A - +6 ring of intelligence

@: studying Armour
A: fangs 1, inability to use devices, no conjurations magic, no earth magic, no
transmutations magic, strong nose, distributed training
a: Renounce Religion, Draw Out Power


You were on level 1 of the Lair of Beasts.
You worshipped Ru.
Ru was most pleased with you.
You visited 3 branches of the dungeon, and saw 13 of its levels.
You also visited: Bailey.

You collected 889 gold pieces.


Innate Abilities, Weirdness & Mutations

You have very sharp teeth.
You cannot study or use magical devices.
You cannot study or cast Conjurations magic.
You cannot study or cast Earth magic.
You cannot study or cast Transmutations magic.
Your uncanny sense of smell can sniff out nearby items.
Your experience applies equally to all skills.


   Skills:
 + Level 9.8 Fighting
 + Level 7.2 Short Blades
 + Level 7.2 Long Blades
 + Level 9.8 Axes
 + Level 7.2 Maces & Flails
 + Level 7.2 Polearms
 + Level 7.2 Staves
 + Level 7.2 Slings
 + Level 7.2 Bows
 + Level 7.2 Crossbows
 + Level 7.2 Throwing
 + Level 8.1 Armour
 + Level 9.8 Dodging
 + Level 8.4 Stealth
 + Level 7.2 Shields
 + Level 7.2 Unarmed Combat
 + Level 7.2 Spellcasting
   Level 0.0 Conjurations
 + Level 6.0 Hexes
 + Level 6.0 Summonings
 + Level 6.0 Necromancy
 + Level 6.0 Translocations
   Level 0.0 Transmutations
 + Level 6.0 Fire Magic
 + Level 6.0 Ice Magic
 + Level 6.0 Air Magic
   Level 0.0 Earth Magic
 + Level 6.0 Poison Magic
 + Level 8.0 Invocations
   Level 0.0 Evocations


You had 25 spell levels left.
You didn't know any spells.
Your spell library contained the following spells:

 Spells                   Type           Power      Damage    Failure   Level
 Animate Skeleton         Necr           50%        N/A       1%          1
 Pain                     Necr           100%       1d9       1%          1
 Slow                     Hex            100%       N/A       1%          1
 Sublimation of Blood     Necr           25%        N/A       1%          2
 Confusing Touch          Hex            25%        N/A       3%          3
 Vampiric Draining        Necr           25%        2d7       3%          3
 Summon Hydra             Summ           12%        N/A       100%        7
 Ignite Poison            Fire/Tmut/Pois Unusable   N/A       N/A         3
 Mephitic Cloud           Conj/Pois/Air  Unusable   N/A       N/A         3
 Wereblood                Tmut           Unusable   N/A       N/A         2
 Freezing Cloud           Conj/Ice/Air   Unusable   6-21      N/A         5

Inventory:

Hand Weapons
 a - a +1 broad axe of flaming (weapon)
 b - the +6 morningstar of the Screaming Gods {vorpal, +Blink Int+4 SInv}

   It inflicts extra damage upon your enemies.
   Int:       It affects your intelligence (+4).
   SInv:      It lets you see invisible.
   +Blink:    It lets you blink.
 t - a +0 halberd
 w - a +0 arbalest
 Z - a +2 demon whip of venom
Missiles
 x - 20 poisoned darts (quivered)
 z - 12 datura-tipped darts
 E - 2 throwing nets {=f}
 F - 7 atropa-tipped darts
 T - 4 boomerangs
 Y - 6 curare-tipped darts {=f}
Armour
 m - a +0 helmet (worn)
 n - a +2 robe of willpower
 q - a +0 pair of boots (worn)
 J - a +0 kite shield
 M - a +0 cloak (worn)
 U - a +2 pair of gloves (worn)
 X - +1 acid dragon scales (worn)
Jewellery
 A - a +6 ring of intelligence (right hand)
 H - a ring of wizardry
 L - a ring of ice
 Q - a +6 ring of strength (left hand)
 W - an amulet of regeneration (around neck)
Scrolls
 e - 6 scrolls of teleportation {@r4}
 f - a scroll of enchant weapon
 g - 3 scrolls of torment {!r}
 j - 4 scrolls of vulnerability {!r}
 k - 2 scrolls of silence {!r}
 r - 2 scrolls of brand weapon
 s - 2 scrolls of magic mapping
 u - 2 scrolls of fear
 v - 2 scrolls of amnesia
 C - 6 scrolls of enchant armour
 I - 5 scrolls of fog
 P - 2 scrolls of blinking
 R - 2 scrolls of immolation {!r}
Potions
 c - a potion of ambrosia
 d - 2 potions of brilliance {unknown}
 h - 3 potions of invisibility {unknown}
 i - 10 potions of curing {@q1}
 l - 2 potions of resistance {unknown}
 o - 4 potions of degeneration {unknown}
 p - 3 potions of flight {unknown}
 y - a potion of magic {unknown}
 B - 2 potions of haste {unknown}
 D - 2 potions of mutation {unknown}
 K - a potion of heal wounds {unknown}
 N - a potion of might {unknown}
 O - 6 potions of lignification {unknown}
 S - a potion of attraction {unknown}
 V - a potion of berserk rage {unknown}

Dungeon Overview and Level Annotations

Branches:
Dungeon (11/15)            Temple (1/1) D:7            Lair (1/6) D:11
    Orc (0/2) D:9          Bailey (visited)

Altars:
Ashenzari
Cheibriados
Dithmenos
Elyvilon
Fedhas
Gozag
Hepliaklqana
Kikubaaqudgha
Makhleb
Nemelex Xobeh
Okawaru
Qazlal
Ru
Sif Muna
Trog
Uskayaw
Vehumet
Wu Jian
Xom
Yredelemnul
Zin
The Shining One

Shops:
D:6 (   D:10 :

Annotations:
D:4 Grinder

.........▒ ....
.P.......▒ ....
▒.......+.....
▒.......▒.....
▒...........
▒.▒.........
▒......Y††+ ...
▒.▒+▒.▒▒g▒▒....
▒...............
▒...............
▒▒...............
▒.....†..........
▒▒...▒▒...▒▒.▒...
▒▒..▒...........▒
▒...▒........▒.▒.
▒▒.............▒


You could see a yak.


Message History

The yak gores you.
* * * LOW HITPOINT WARNING * * *
You barely miss the yak. Your bite misses the yak.
The yak is heavily wounded.
The yak gores you but does no damage.
You slash the yak! You burn the yak.
The yak is severely wounded.
The yak is stunned by your conviction and fails to attack.
You hit the yak but do no damage.
The yak is severely wounded.
The yak misses you. The yak gores you but does no damage.
You hit the yak but do no damage. You bite the yak, but do no damage.
The yak is severely wounded.
The yak gores you.
* * * LOW HITPOINT WARNING * * *
You hit the yak but do no damage. You punch the yak.
You bite the yak, but do no damage.
The yak is severely wounded.
The yak gores you but does no damage.
You hit the yak. You burn the yak. You punch the yak.
The yak is almost dead.
The yak gores you!
You die...

Action                   |  1- 3 |  4- 6 |  7- 9 | 10-12 || total
-------------------------+-------+-------+-------+-------++-------
Melee: Hand axe          |    99 |   202 |    66 |       ||   367
       Bite              |    11 |    20 |    54 |    60 ||   145
       Punch             |       |     2 |    12 |    20 ||    34
       Whip              |       |       |   269 |       ||   269
       Morningstar       |       |       |    45 |   119 ||   164
       Broad axe         |       |       |       |   279 ||   279
 Fire: Arbalest          |       |       |       |    12 ||    12
Throw: Dart              |       |     5 |     8 |    59 ||    72
       Throwing net      |       |       |       |     1 ||     1
Invok: Sacrifice Artific |       |       |     1 |       ||     1
       Sacrifice Arcana  |       |       |       |     1 ||     1
  Use: Scroll            |       |       |    11 |     5 ||    16
       Potion            |       |       |       |     1 ||     1
 Stab: Sleeping          |     4 |    11 |    14 |     8 ||    37
       Distracted        |       |       |     1 |     3 ||     4
       Invisible         |       |       |       |     5 ||     5
Armor: Robe              |    12 |    29 |       |       ||    41
       Leather armour    |       |    12 |   123 |    46 ||   181
       Acid dragon scale |       |       |       |   148 ||   148
Dodge: Dodged            |    62 |   140 |   266 |   431 ||   899

Levels and vault maps discovered:
D:1:      tarquinn_simple_flora_water_c, layout_basic
D:2:      layout_basic, minmay_joined_circles, uniq_jessica
D:3:      layout_rooms, minmay_checkerbox
D:4:      layout_gridville, uniq_grinder
D:5:      layout_loops_ring, gammafunk_temple_overflow_forgotten
D:6:      layout_loops_corners, serial_shops, shop, uniq_duvessa
D:7:      minmay_spotlight, layout_cave_pools, minmay_temple_entry_overgrown
D:8:      layout_gridville, chequers_serial_rivers_micro_a
D:9:      layout_cave_pools, overflow_temple_1_default, orc_0_dummy,
          minmay_between, uniq_psyche, uniq_maggie
D:10:     layout_roguey, enter_bailey_3, nicolae_shop_self_help
D:11:     layout_roguey, lair_entry_dummy, xom_confusion_cloud
Temple:   dpeg_five_rooms_temple
Lair:1:   layout_regular_city, dpeg_stationary_puzzle, serial_bayou_shore_a,
          grunt_megastairs_5, uniq_amaemon

Notes
Turn   | Place    | Note
-------+----------+-------------------------------------------
     0 | D:1      | sanka the Gnoll Monk began the quest for the Orb.
     0 | D:1      | Reached XP level 1. HP: 23/23 MP: 1/1
   313 | D:1      | Reached XP level 2. HP: 22/29 MP: 2/2
   844 | D:1      | Reached XP level 3. HP: 26/35 MP: 3/3
  1316 | D:2      | Noticed Jessica
  1328 | D:2      | Killed Jessica
  1329 | D:2      | Reached skill level 1 in Short Blades
  1329 | D:2      | Reached skill level 1 in Long Blades
  1329 | D:2      | Reached skill level 1 in Maces & Flails
  1329 | D:2      | Reached skill level 1 in Polearms
  1329 | D:2      | Reached skill level 1 in Staves
  1329 | D:2      | Reached skill level 1 in Slings
  1329 | D:2      | Reached skill level 1 in Bows
  1329 | D:2      | Reached skill level 1 in Crossbows
  1329 | D:2      | Reached skill level 1 in Throwing
  1329 | D:2      | Reached skill level 1 in Armour
  1329 | D:2      | Reached skill level 1 in Shields
  1329 | D:2      | Reached skill level 1 in Unarmed Combat
  1329 | D:2      | Reached skill level 1 in Spellcasting
  1329 | D:2      | Reached skill level 1 in Invocations
  1329 | D:2      | Reached skill level 1 in Evocations
  1329 | D:2      | Reached XP level 4. HP: 30/41 MP: 5/5
  1658 | D:2      | Reached skill level 1 in Conjurations
  1658 | D:2      | Reached skill level 1 in Hexes
  1658 | D:2      | Reached skill level 1 in Summonings
  1658 | D:2      | Reached skill level 1 in Necromancy
  1658 | D:2      | Reached skill level 1 in Translocations
  1658 | D:2      | Reached skill level 1 in Transmutations
  1658 | D:2      | Reached skill level 1 in Fire Magic
  1658 | D:2      | Reached skill level 1 in Ice Magic
  1658 | D:2      | Reached skill level 1 in Air Magic
  1658 | D:2      | Reached skill level 1 in Earth Magic
  1658 | D:2      | Reached skill level 1 in Poison Magic
  1978 | D:3      | Noticed a scorpion
  2001 | D:3      | Killed a scorpion
  2002 | D:3      | Reached XP level 5. HP: 43/47 MP: 5/7
  2616 | D:3      | Reached skill level 2 in Invocations
  2616 | D:3      | Reached XP level 6. HP: 37/53 MP: 8/8
  3267 | D:4      | HP: 2/53 [ogre/+0 giant spiked club (20)]
  3273 | D:4      | Reached skill level 2 in Short Blades
  3273 | D:4      | Reached skill level 2 in Long Blades
  3273 | D:4      | Reached skill level 2 in Maces & Flails
  3273 | D:4      | Reached skill level 2 in Polearms
  3273 | D:4      | Reached skill level 2 in Staves
  3273 | D:4      | Reached skill level 2 in Slings
  3273 | D:4      | Reached skill level 2 in Bows
  3273 | D:4      | Reached skill level 2 in Crossbows
  3273 | D:4      | Reached skill level 2 in Throwing
  3273 | D:4      | Reached skill level 2 in Armour
  3273 | D:4      | Reached skill level 2 in Shields
  3273 | D:4      | Reached skill level 2 in Unarmed Combat
  3273 | D:4      | Reached skill level 2 in Spellcasting
  3273 | D:4      | Reached skill level 2 in Evocations
  3873 | D:4      | Reached XP level 7. HP: 52/59 MP: 10/10
  3895 | D:4      | Reached skill level 7 in Fighting
  3895 | D:4      | Reached skill level 7 in Axes
  3895 | D:4      | Reached skill level 7 in Dodging
  3897 | D:4      | Reached skill level 2 in Conjurations
  3897 | D:4      | Reached skill level 2 in Hexes
  3897 | D:4      | Reached skill level 2 in Summonings
  3897 | D:4      | Reached skill level 2 in Necromancy
  3897 | D:4      | Reached skill level 2 in Translocations
  3897 | D:4      | Reached skill level 2 in Transmutations
  3897 | D:4      | Reached skill level 2 in Fire Magic
  3897 | D:4      | Reached skill level 2 in Ice Magic
  3897 | D:4      | Reached skill level 2 in Air Magic
  3897 | D:4      | Reached skill level 2 in Earth Magic
  3897 | D:4      | Reached skill level 2 in Poison Magic
  4104 | D:4      | Reached skill level 5 in Stealth
  4394 | D:4      | Reached skill level 3 in Invocations
  4458 | D:4      | Noticed Grinder
  4763 | D:5      | Entered Level 5 of the Dungeon
  4929 | D:5      | Identified the +8 whip "Bookhl Wiunk" {protect, Dex+3}
  4959 | D:5      | Reached XP level 8. HP: 67/67 MP: 12/12
  5003 | D:5      | Reached skill level 3 in Short Blades
  5003 | D:5      | Reached skill level 3 in Long Blades
  5003 | D:5      | Reached skill level 3 in Maces & Flails
  5003 | D:5      | Reached skill level 3 in Polearms
  5003 | D:5      | Reached skill level 3 in Staves
  5003 | D:5      | Reached skill level 3 in Slings
  5003 | D:5      | Reached skill level 3 in Bows
  5003 | D:5      | Reached skill level 3 in Crossbows
  5003 | D:5      | Reached skill level 3 in Throwing
  5003 | D:5      | Reached skill level 3 in Armour
  5003 | D:5      | Reached skill level 3 in Shields
  5003 | D:5      | Reached skill level 3 in Unarmed Combat
  5003 | D:5      | Reached skill level 3 in Spellcasting
  5003 | D:5      | Reached skill level 3 in Evocations
  5549 | D:5      | Found a radiant altar of Vehumet.
  5549 | D:5      | Found a basalt altar of Yredelemnul.
  5550 | D:5      | Found a burning altar of Makhleb.
  6103 | D:6      | Noticed Duvessa
  6103 | D:6      | Noticed Dowan
  6127 | D:6      | Killed Duvessa
  6132 | D:6      | Killed Dowan
  6399 | D:6      | Reached skill level 4 in Invocations
  6488 | D:6      | Reached skill level 3 in Conjurations
  6488 | D:6      | Reached skill level 3 in Hexes
  6488 | D:6      | Reached skill level 3 in Summonings
  6488 | D:6      | Reached skill level 3 in Necromancy
  6488 | D:6      | Reached skill level 3 in Translocations
  6488 | D:6      | Reached skill level 3 in Transmutations
  6488 | D:6      | Reached skill level 3 in Fire Magic
  6488 | D:6      | Reached skill level 3 in Ice Magic
  6488 | D:6      | Reached skill level 3 in Air Magic
  6488 | D:6      | Reached skill level 3 in Earth Magic
  6488 | D:6      | Reached skill level 3 in Poison Magic
  6827 | D:6      | Reached XP level 9. HP: 65/72 MP: 14/14
  6992 | D:6      | Found Gosch's Weapon Emporium.
  7545 | D:7      | Reached skill level 4 in Short Blades
  7545 | D:7      | Reached skill level 4 in Long Blades
  7545 | D:7      | Reached skill level 4 in Maces & Flails
  7545 | D:7      | Reached skill level 4 in Polearms
  7545 | D:7      | Reached skill level 4 in Staves
  7545 | D:7      | Reached skill level 4 in Slings
  7545 | D:7      | Reached skill level 4 in Bows
  7545 | D:7      | Reached skill level 4 in Crossbows
  7545 | D:7      | Reached skill level 4 in Throwing
  7545 | D:7      | Reached skill level 4 in Armour
  7545 | D:7      | Reached skill level 4 in Shields
  7545 | D:7      | Reached skill level 4 in Unarmed Combat
  7545 | D:7      | Reached skill level 4 in Spellcasting
  7545 | D:7      | Reached skill level 4 in Evocations
  7937 | D:7      | Reached skill level 6 in Stealth
  8037 | D:7      | Found a staircase to the Ecumenical Temple.
  8327 | Temple   | Entered the Ecumenical Temple
  8638 | Temple   | Became a worshipper of Ru the Awakened
  8705 | Temple   | Gained mutation: You cannot study or use magical devices.
                  | [Ru sacrifice]
  8705 | Temple   | Reduced skill Evocations to level 0
  8705 | Temple   | Reached * piety under Ru
  8705 | Temple   | Reached ** piety under Ru
  8975 | D:8      | Identified the +6 morningstar of the Screaming Gods
                  | {vorpal, +Blink Int+4 SInv}
  9174 | D:8      | Reached skill level 8 in Fighting
  9174 | D:8      | Reached skill level 8 in Axes
  9174 | D:8      | Reached skill level 8 in Dodging
  9363 | D:7      | Reached skill level 5 in Invocations
  9561 | D:9      | Reached skill level 4 in Conjurations
  9561 | D:9      | Reached skill level 4 in Hexes
  9561 | D:9      | Reached skill level 4 in Summonings
  9561 | D:9      | Reached skill level 4 in Necromancy
  9561 | D:9      | Reached skill level 4 in Translocations
  9561 | D:9      | Reached skill level 4 in Transmutations
  9561 | D:9      | Reached skill level 4 in Fire Magic
  9561 | D:9      | Reached skill level 4 in Ice Magic
  9561 | D:9      | Reached skill level 4 in Air Magic
  9561 | D:9      | Reached skill level 4 in Earth Magic
  9561 | D:9      | Reached skill level 4 in Poison Magic
  9561 | D:9      | Reached XP level 10. HP: 79/80 MP: 17/17
  9563 | D:9      | Noticed a two-headed ogre
  9587 | D:8      | Killed a two-headed ogre
  9588 | D:8      | Reached skill level 5 in Short Blades
  9588 | D:8      | Reached skill level 5 in Long Blades
  9588 | D:8      | Reached skill level 5 in Maces & Flails
  9588 | D:8      | Reached skill level 5 in Polearms
  9588 | D:8      | Reached skill level 5 in Staves
  9588 | D:8      | Reached skill level 5 in Slings
  9588 | D:8      | Reached skill level 5 in Bows
  9588 | D:8      | Reached skill level 5 in Crossbows
  9588 | D:8      | Reached skill level 5 in Throwing
  9588 | D:8      | Reached skill level 5 in Armour
  9588 | D:8      | Reached skill level 5 in Shields
  9588 | D:8      | Reached skill level 5 in Unarmed Combat
  9588 | D:8      | Reached skill level 5 in Spellcasting
  9707 | D:9      | Noticed a two-headed ogre
  9951 | D:9      | Reached skill level 6 in Invocations
 10009 | D:8      | Reached skill level 7 in Stealth
 10150 | D:9      | Killed a two-headed ogre
 10215 | D:9      | Noticed Psyche
 10225 | D:9      | Killed Psyche
 10226 | D:9      | Reached XP level 11. HP: 75/87 MP: 19/19
 10358 | D:9      | Identified +1 acid dragon scales
 10358 | D:9      | Noticed Maggie
 10380 | D:9      | Killed Maggie
 10468 | D:9      | Found a staircase to the Orcish Mines.
 10573 | D:9      | Found a stormy altar of Qazlal.
 10693 | D:9      | Reached skill level 9 in Fighting
 10693 | D:9      | Reached skill level 9 in Axes
 10693 | D:9      | Reached skill level 9 in Dodging
 10838 | D:10     | Entered Level 10 of the Dungeon
 10866 | D:10     | Reached skill level 6 in Short Blades
 10866 | D:10     | Reached skill level 6 in Long Blades
 10866 | D:10     | Reached skill level 6 in Maces & Flails
 10866 | D:10     | Reached skill level 6 in Polearms
 10866 | D:10     | Reached skill level 6 in Staves
 10866 | D:10     | Reached skill level 6 in Slings
 10866 | D:10     | Reached skill level 6 in Bows
 10866 | D:10     | Reached skill level 6 in Crossbows
 10866 | D:10     | Reached skill level 6 in Throwing
 10866 | D:10     | Reached skill level 6 in Armour
 10866 | D:10     | Reached skill level 6 in Shields
 10866 | D:10     | Reached skill level 6 in Unarmed Combat
 10866 | D:10     | Reached skill level 6 in Spellcasting
 10975 | D:10     | Reached skill level 5 in Conjurations
 10975 | D:10     | Reached skill level 5 in Hexes
 10975 | D:10     | Reached skill level 5 in Summonings
 10975 | D:10     | Reached skill level 5 in Necromancy
 10975 | D:10     | Reached skill level 5 in Translocations
 10975 | D:10     | Reached skill level 5 in Transmutations
 10975 | D:10     | Reached skill level 5 in Fire Magic
 10975 | D:10     | Reached skill level 5 in Ice Magic
 10975 | D:10     | Reached skill level 5 in Air Magic
 10975 | D:10     | Reached skill level 5 in Earth Magic
 10975 | D:10     | Reached skill level 5 in Poison Magic
 11051 | D:10     | Identified +0 steam dragon scales
 11111 | D:10     | Found a flagged portal.
 11123 | Bailey   | Entered a bailey
 11390 | Bailey   | Gained mutation: You cannot study or cast Earth magic. [Ru
                  | sacrifice]
 11390 | Bailey   | Gained mutation: You cannot study or cast Transmutations
                  | magic. [Ru sacrifice]
 11390 | Bailey   | Gained mutation: You cannot study or cast Conjurations
                  | magic. [Ru sacrifice]
 11390 | Bailey   | Reduced skill Earth Magic to level 0
 11390 | Bailey   | Reduced skill Transmutations to level 0
 11390 | Bailey   | Reduced skill Conjurations to level 0
 11390 | Bailey   | Reached *** piety under Ru
 11442 | Bailey   | Identified the +6 triple crossbow of Xikoega {flame,
                  | Fragile rPois rF+ Dex+3}
 11444 | Bailey   | Noticed an orc knight
 11460 | Bailey   | Killed an orc knight
 11925 | D:10     | Reached skill level 7 in Invocations
 11936 | D:10     | Found Ruemoex's Self-Improvement Boutique.
 12035 | D:11     | Noticed a skeletal warrior
 12035 | D:11     | Noticed a skeletal warrior
 12035 | D:11     | Noticed a skeletal warrior
 12035 | D:11     | Noticed a skeletal warrior
 12101 | D:11     | Noticed a white ugly thing
 12102 | D:11     | Found a shimmering altar of Xom.
 12131 | D:11     | Identified +0 acid dragon scales
 12170 | D:11     | Killed a white ugly thing
 12310 | D:11     | Noticed a manticore
 12329 | D:11     | Killed a manticore
 12416 | D:11     | Found a staircase to the Lair.
 12641 | D:11     | Noticed a cyclops
 12650 | D:11     | Killed a cyclops
 12736 | D:11     | Reached skill level 7 in Armour
 12736 | D:11     | Reached skill level 8 in Stealth
 12880 | D:11     | Noticed a two-headed ogre
 12893 | D:11     | Killed a two-headed ogre
 12965 | D:11     | Reached XP level 12. HP: 96/96 MP: 22/22
 13056 | Lair:1   | Entered Level 1 of the Lair of Beasts
 13060 | Lair:1   | Noticed a seven-headed hydra
 13077 | Lair:1   | Killed a two-headed hydra
 13134 | Lair:1   | Reached skill level 7 in Short Blades
 13134 | Lair:1   | Reached skill level 7 in Long Blades
 13134 | Lair:1   | Reached skill level 7 in Maces & Flails
 13134 | Lair:1   | Reached skill level 7 in Polearms
 13134 | Lair:1   | Reached skill level 7 in Staves
 13134 | Lair:1   | Reached skill level 7 in Slings
 13134 | Lair:1   | Reached skill level 7 in Bows
 13134 | Lair:1   | Reached skill level 7 in Crossbows
 13134 | Lair:1   | Reached skill level 7 in Throwing
 13134 | Lair:1   | Reached skill level 7 in Shields
 13134 | Lair:1   | Reached skill level 7 in Unarmed Combat
 13134 | Lair:1   | Reached skill level 7 in Spellcasting
 13236 | Lair:1   | Identified a +2 robe of the Archmagi
 13333 | Lair:1   | Noticed Amaemon
 13345 | Lair:1   | Killed Amaemon
 13481 | Lair:1   | Reached skill level 6 in Hexes
 13481 | Lair:1   | Reached skill level 6 in Summonings
 13481 | Lair:1   | Reached skill level 6 in Necromancy
 13481 | Lair:1   | Reached skill level 6 in Translocations
 13481 | Lair:1   | Reached skill level 6 in Fire Magic
 13481 | Lair:1   | Reached skill level 6 in Ice Magic
 13481 | Lair:1   | Reached skill level 6 in Air Magic
 13481 | Lair:1   | Reached skill level 6 in Poison Magic
 13484 | Lair:1   | Reached skill level 8 in Armour
 13500 | Lair:1   | HP: 9/97 [yak (13)]
 13502 | Lair:1   | Reached skill level 8 in Invocations
 13507 | Lair:1   | HP: 7/97 [yak (4)]
 13509 | Lair:1   | Slain by a yak

Vanquished Creatures
  A hydra (Lair:1)
  3 two-headed ogres
  Amaemon (Lair:1)
  An ugly thing (D:11)
  A cyclops (D:11)
  A manticore (D:11)
  Maggie (D:9)
  An orange demon (Lair:1)
  A cane toad (Lair:1)
  A gargoyle (D:11)
  Psyche (D:9)
  3 trolls
  A hornet (D:11)
  5 blink frogs (Lair:1)
  2 shadows (D:9)
  A vampire (D:10)
  17 yaks
  A basilisk (Lair:1)
  2 wraiths
  A steam dragon (D:10)
  3 vampire mosquitoes (D:11)
  2 acid dragons
  3 water moccasins
  Duvessa (D:6)
  2 black bears
  11 orc warriors
  An ice beast (D:5)
  3 ogres
  3 centaurs
  A phantom (D:6)
  A kobold brigand (D:6)
  6 bullfrogs
  A necrophage (D:5)
  5 scorpions
  Dowan (D:6)
  5 killer bees
  2 electric eels (Lair:1)
  4 howler monkeys
  4 orc priests
  4 hounds
  2 jellies
  Jessica (D:2)
  3 iguanas
  13 orc wizards
  5 adders
  7 gnolls
  2 shadow imps
  4 white imps
  3 ufetubi
  5 worms
  4 dart slugs
  50 orcs
  10 endoplasms
  4 giant cockroaches
  12 hobgoblins
  4 jackals (D:1)
  11 kobolds
  5 quokkas
  9 ball pythons
  3 bats
  5 frilled lizards
  9 goblins
  6 rats
286 creatures vanquished.

Vanquished Creatures (collateral kills)
  An orc knight (Bailey)
  A wraith (D:9)
  2 yaks (D:9)
  4 orc warriors (Bailey)
  An orc wizard (D:4)
  5 orcs (Bailey)
14 creatures vanquished.

Vanquished Creatures (others)
  A troll (D:11)
  A howler monkey (D:11)
  2 orc wizards (D:11)
  An orc (D:11)
  2 fungi (Lair:1)
  7 plants
14 creatures vanquished.

Grand Total: 314 creatures vanquished
